 Dungeon Crawl Stone Soup version 0.25-a0-577-ga4619f4 (webtiles) character file.

Game seed: 3497845992904106572, levelgen mode: deterministic

2439 HungryMoth the Ducker (level 9, -3/93 HPs)
             Began as a Troll Monk on Mar 2, 2020.
             Was an Elder of Ashenzari.
             Slain by a bullfrog (5 damage)
             ... on level 7 of the Dungeon.
             The game lasted 00:09:45 (6075 turns).

HungryMoth the Ducker (Troll Monk)                  Turns: 6075, Time: 00:09:46

Health: -3/93      AC:  6    Str: 22    XL:     9   Next: 25%
Magic:  8/8        EV: 14    Int:  6    God:    Ashenzari [****..]
Gold:   230        SH:  0    Dex: 14    Spells: 8/8 levels left

rFire    . . .     SeeInvis +   I - +0 giant club
rCold    + . .     Gourm    +   (shield currently unavailable)
rNeg     . . .     Faith    .   a - +0 robe
rPois    .         Spirit   .   (helmet restricted)
rElec    .         Reflect  .   m - scarf {repulsion}
rCorr    .         Harm     .   (gloves unavailable)
MR       .....     Clarity  +   (boots unavailable)
Stlth    ++........             (no amulet)
HPRegen  0.65/turn              (no ring)
MPRegen  0.11/turn              (no ring)

@: repel missiles
A: large, unfitting armour, claws 3, cold resistance 1, fast metabolism 3,
gourmand, regeneration 1, screaming 1, shaggy fur 1, tough skin 3
a: Curse Item, Scrying, Renounce Religion


You were on level 7 of the Dungeon.
You worshipped Ashenzari.
Ashenzari was greatly pleased with you.
You were very full.

You visited 2 branches of the dungeon, and saw 9 of its levels.

You collected 230 gold pieces.

Inventory:

Hand Weapons
 I - a +0 giant club (weapon)
Armour
 a - a +0 robe (worn)
 m - a scarf of repulsion (worn)
Wands
 i - a wand of digging (7)
 o - a wand of polymorph (5)
 G - a wand of iceblast (21)
Scrolls
 e - 2 scrolls of remove curse
 g - 2 scrolls of enchant armour {unknown}
 h - 9 scrolls of identify {unknown}
 j - 5 scrolls of teleportation {unknown}
 n - a scroll of noise {unknown}
 q - 2 scrolls of enchant weapon {unknown}
 y - a scroll of brand weapon {unknown}
 z - 2 scrolls of torment {unknown}
 B - 3 scrolls of amnesia {unknown}
 J - a scroll of summoning {unknown}
Potions
 v - a potion of stabbing
 E - a potion of haste {unknown}
 K - a potion of berserk rage {unknown}
Comestibles
 b - 14 rations


   Skills:
 + Level 7.5 Fighting
 * Level 2.7 Maces & Flails
 + Level 7.5 Dodging
 - Level 1.0 Stealth
 - Level 3.0 Unarmed Combat


You had 8 spell levels left.
You didn't know any spells.
Your spell library was empty.

Dungeon Overview and Level Annotations

Branches:
Dungeon (8/15)             Temple (1/1) D:7
   Lair: D:8-11

Altars:
Ashenzari
Cheibriados
Dithmenos
Elyvilon
Fedhas
Gozag
Hepliaklqana
Kikubaaqudgha
Makhleb
Nemelex Xobeh
Okawaru
Qazlal
Ru
Sif Muna
Trog
Uskayaw
Vehumet
Wu Jian
Xom
Yredelemnul
Zin
The Shining One

Annotations:
D:7 Joseph


Innate Abilities, Weirdness & Mutations

You are too large for most types of armour.
You have claws for hands.
Your metabolism is lightning-fast.
You like to eat raw meat.
Your natural rate of healing is unusually fast.
You are covered in fur. (AC +1)
You have extremely tough skin. (AC +3)
Your flesh is cold resistant. (rC+)
You occasionally shout uncontrollably at your foes.


Message History

Joseph hits you but does no damage.
You closely miss Joseph.
Joseph is heavily wounded.
You feel less invigorated.
You feel less confused.
The bullfrog hits you but does no damage.
The necrophage hits you.
* * * LOW HITPOINT WARNING * * *
The bullfrog closely misses you. The necrophage hits you.
* * * LOW HITPOINT WARNING * * *
Joseph closely misses you. The bullfrog barely misses you.
You thump Joseph!
Joseph is severely wounded.
The bullfrog hits you but does no damage.
The necrophage hits you.
* * * LOW HITPOINT WARNING * * *
Joseph hits you with a +0 quarterstaff!
* * * LOW HITPOINT WARNING * * *
The bullfrog hits you.
You die...

###....... * ###.........
##.....$....., * * *
#............ ,
#............ , ,,
#............ , ,
##...†....# ,, , , * #
#.....@...#.. , , ##
##...@F..#...# , *
.############(...n.....##
,
........(..........#!#.#
, , ,
....................## #
, , ,
...#######..........# ,**
, , ....# ####......##, *
, ,, ....## #......# * *
,, .....## ##..#.## * * *
* ......# #..#.# *,


You could see Joseph, a necrophage and a bullfrog.

Vanquished Creatures
  A centaur zombie (D:8)
  3 sky beasts
  3 centaurs
  An ogre (D:6)
  A crocodile (D:6)
  2 bullfrogs
  A wyvern zombie (D:6)
  3 scorpions
  A howler monkey (D:5)
  3 crimson imps
  A bullfrog zombie (D:6)
  2 hounds (D:6)
  6 orc priests
  Ijyb (D:4)
  5 orc wizards
  4 worker ants
  10 adders
  16 gnolls
  A shadow imp (D:7)
  An ooze (D:2)
  3 worms
  2 dart slugs
  4 leopard geckos
  31 orcs
  5 giant cockroaches
  10 goblins
  10 hobgoblins
  16 jackals
  12 kobolds
  A quokka (D:4)
  A ball python (D:3)
  8 bats
  6 frilled lizards
  A jackal zombie (D:7)
  A quokka skeleton (D:4)
  7 rats
184 creatures vanquished.

Vanquished Creatures (others)
  A sky beast (D:8)
1 creature vanquished.

Grand Total: 185 creatures vanquished

Notes
Turn   | Place    | Note
-------+----------+-------------------------------------------
     0 | D:1      | HungryMoth the Troll Monk began the quest for the Orb.
     0 | D:1      | Reached XP level 1. HP: 22/22 MP: 0/0
    99 | D:1      | Reached XP level 2. HP: 29/29 MP: 1/1
   369 | D:1      | You fall into a shaft and drop 1 floor!
   372 | D:2      | Reached XP level 3. HP: 35/37 MP: 2/2
   685 | D:2      | Found a faded altar of an unknown god.
   728 | D:2      | Became a worshipper of Ashenzari the Shackled
   728 | D:2      | Reached * piety under Ashenzari
   728 | D:2      | Reached ** piety under Ashenzari
   776 | D:2      | Reached XP level 4. HP: 34/45 MP: 3/3
   987 | D:2      | Reached *** piety under Ashenzari
  1238 | D:3      | Reached XP level 5. HP: 54/54 MP: 4/4
  1902 | D:4      | Noticed Ijyb
  1916 | D:4      | Killed Ijyb
  1942 | D:4      | Reached XP level 6. HP: 53/62 MP: 5/5
  2251 | D:4      | Found a white marble altar of Elyvilon.
  2542 | D:5      | Entered Level 5 of the Dungeon
  2662 | D:5      | Reached skill level 5 in Fighting
  2662 | D:5      | Reached skill level 5 in Dodging
  2662 | D:5      | Reached XP level 7. HP: 8/72 MP: 6/6
  3247 | D:5      | Reached **** piety under Ashenzari
  4037 | D:6      | Reached XP level 8. HP: 39/83 MP: 7/7
  4739 | D:6      | Found a sacrificial altar of Ru.
  4921 | D:7      | Found a staircase to the Ecumenical Temple.
  5433 | Temple   | Entered the Ecumenical Temple
  5765 | D:8      | Reached skill level 1 in Maces & Flails
  5765 | D:8      | Reached XP level 9. HP: 93/93 MP: 8/8
  5809 | D:8      | Gained mutation: You occasionally shout uncontrollably at
                  | your foes. [potion of mutation]
  5809 | D:8      | Gained mutation: Your flesh is cold resistant. (rC+)
                  | [potion of mutation]
  6054 | D:7      | Noticed Joseph
  6075 | D:7      | HP: 2/93 [Joseph/+0 quarterstaff (17)]
  6075 | D:7      | Slain by a bullfrog

Levels and vault maps discovered:
D:1:      wander_arrival_chamber, layout_basic
D:2:      layout_basic, chequers_ecumenical_altar_island
D:3:      layout_loops_cross, supply_closet_lemuel
D:4:      layout_loops_cross, elyvilon_altar_5, uniq_ijyb
D:5:      corexii_shantytown, layout_basic, first_ration,
          kennysheep_generic_room_3
D:6:      layout_loops_ring, nicolae_ru_the_path_less_chosen, chequers_avenue,
          grunt_ministairs_5
D:7:      layout_cave_pods, minmay_temple_entry_glass, the_bakery,
          grunt_dithmenos_smoke_and_mirrors, uniq_joseph
D:8:      layout_rooms, erik_lair_island, serial_ice, serial_ice_c,
          serial_ice_h, serial_ice_a, serial_ice_n, serial_ice_o, serial_ice_e,
          minmay_misc_feat_rugged, nicolae_underground_beach
Temple:   roderic_octagonal_lattice_temple

Skill      XL: |  1  2  3  4  5  6  7  8  9 |
---------------+----------------------------+-----
Fighting       | 3 4 5 6 7 |  7.5
Dodging        | 3 4 5 6 7 |  7.5
Maces & Flails | 1 2 |  2.7
Stealth        | |  1.0
Unarmed Combat | |  3.0

Action                   |  1- 3 |  4- 6 |  7- 9 || total
-------------------------+-------+-------+-------++-------
Melee: Unarmed           |   153 |   211 |   278 ||   642
       Punch             |     1 |     3 |     2 ||     6
       Giant club        |       |       |    67 ||    67
  Use: Potion            |       |     1 |    10 ||    11
 Stab: Sleeping          |     1 |     4 |     6 ||    11
       Distracted        |     1 |       |       ||     1
  Eat: Chunk             |    13 |    17 |    30 ||    60
Armor: Robe              |   105 |    71 |    90 ||   266
       Skin              |       |     4 |    27 ||    31
Dodge: Dodged            |   151 |   132 |   271 ||   554
       Deflected         |       |       |     7 ||     7

Table legend:
 A = Non-vault XP
 B = Vault XP
 C = Vault XP percentage of total XP
 D = Non-vault monster count
 E = Vault monster count
 F = Vault count percentage of total count
                 A         B        C        D         E       F
            +---------+---------+-------+---------+---------+-------
      Total |    3202 |     283 |   8.1 |     155 |      30 |  16.2
            +---------+---------+-------+---------+---------+-------
        D:1 |      35 |       0 |   0.0 |      19 |       0 |   0.0
        D:2 |     139 |       0 |   0.0 |      33 |       0 |   0.0
        D:3 |      88 |       0 |   0.0 |      25 |       0 |   0.0
        D:4 |     253 |      39 |  13.4 |      18 |       1 |   5.3
        D:5 |     308 |     117 |  27.5 |      12 |      27 |  69.2
        D:6 |    1219 |     127 |   9.4 |      30 |       2 |   6.2
        D:7 |     483 |       0 |   0.0 |      14 |       0 |   0.0
        D:8 |     677 |       0 |   0.0 |       4 |       0 |   0.0
            +---------+---------+-------+---------+---------+-------
